AoeStats
← DK | murphelele

Arabian Desert

509393314Analyzed
1v1 RM · 6d ago on Sep 26, 2026· 74m 18s· 2 players
Game mode
Random Map
Map size
Tiny (2 player)
Population
200
Speed
Normal
Resources
Standard
Victory
Conquest
Starting age
Dark Age
Ending age
Imperial Age
RankedLock teamsTeams togetherTeam positionsShared explorationLock speedFull tech treeHidden civsTurbo modeCheats
Victory
Defeat
🇩🇰 Varangians · Denmark
1194
+14
🇫🇮 Vietnamese · Finland
1158
-14
DK | murphelele
8:50 Feudal Age
8:00 Loom
16:23 Fletching
17:31 Padded Archer Armor
24:37 Castle Age
22:39 Horse Collar
25:14 Scale Barding Armor
25:08 Gold Mining
25:31 Forging
24:42 Crossbowman
25:50 Husbandry
27:13 Wheelbarrow
26:06 Light Cavalry
26:56 Bloodlines
26:48 Bodkin Arrow
27:08 Husbandry
28:31 Chain Barding Armor
32:37 Stone Mining
38:49 Imperial Age
38:09 Leather Archer Armor
38:31 Elite Skirmisher
39:54 Iron Casting
39:35 Bracer
43:46 Double-Bit Axe
46:09 Chemistry
45:30 Ballistics
45:48 Plate Barding Armor
46:13 Blast Furnace
46:26 Hand Cart
47:41 Ring Archer Armor
50:23 Bow Saw
52:36 Plate Barding Armor
53:10 Town Watch
54:03 Light Cavalry
54:21 Elite Jarl
56:19 Blast Furnace
56:12 Heavy Plow
57:13 Two-Man Saw
57:18 Capped Ram
58:43 Murder Holes
58:56 Hussar
68:54 Town Watch
cro55b0w
6:49 Loom
9:15 Feudal Age
9:48 Double-Bit Axe
20:53 Castle Age
19:52 Gold Mining
20:27 Fletching
20:59 Horse Collar
26:02 Squires
27:30 Heavy Plow
27:48 Scale Mail Armor
28:46 Padded Archer Armor
30:20 Pikeman
33:30 Bow Saw
35:03 Bodkin Arrow
37:43 Wheelbarrow
38:04 Chain Mail Armor
38:33 Forging
39:17 Wheelbarrow
39:54 Ballistics
41:30 Hand Cart
41:40 Leather Archer Armor
41:55 Masonry
47:41 Imperial Age
45:52 Thumb Ring
45:38 Town Watch
45:45 Elite Skirmisher
46:10 Elite Skirmisher
48:51 Iron Casting
47:57 Elite Rattan Archer
50:15 Paper Money
49:22 Capped Ram
52:55 Two-Man Saw
52:36 Hoardings
53:03 Imperial Skirmisher
56:09 Bracer
58:59 Ring Archer Armor
59:00 Plate Mail Armor
60:38 Iron Casting
64:06 Halberdier
69:11 Bloodlines
69:01 Husbandry
68:22 Light Cavalry
70:21 Town Patrol
Connection lost

Rejoining the realm…

Still unreachable

The connection could not be restored.

Session expired

The server has moved on; the page needs a fresh start.